 Dungeon Crawl Stone Soup version 0.24.1-8-ga250c9d538 (webtiles) character file.

Game seed: 7002200253154927739, levelgen mode: deterministic

70 Peloso the Skirmisher (level 4, 0/35 HPs)
             Began as a Demonspawn Fighter on Apr 27, 2020.
             Succumbed to an adder's poison
             ... on level 2 of the Dungeon.
             The game lasted 00:03:36 (1048 turns).

Peloso the Skirmisher (Demonspawn Fighter)          Turns: 1048, Time: 00:03:36

Health: 0/35       AC:  6    Str: 22 (25) XL:     4   Next: 4%
Magic:  4/4        EV:  7    Int:  8 (9)  God:
Gold:   66         SH:  9    Dex:  9 (12) Spells: 3/3 levels left

rFire    . . .     SeeInvis .   a - +0 long sword
rCold    . . .     Gourm    .   c - +0 shield
rNeg     . . .     Faith    .   b - +0 scale mail
rPois    +         Spirit   .   (no helmet)
rElec    .         Reflect  .   (no cloak)
rCorr    .         Harm     .   (no gloves)
MR       .....                  (no boots)
Stlth    ..........             (no amulet)
HPRegen  0.11/turn              (no ring)
MPRegen  0.09/turn              (no ring)

@: mighty, lethally poisoned (0 -> -2)
A: demonic guardian 1, poison resistance, strong 1
a: no special abilities


You were on level 2 of the Dungeon.
You were hungry.

You visited 1 branch of the dungeon, and saw 2 of its levels.

You collected 66 gold pieces.

Inventory:

Hand Weapons
 a - a +0 long sword (weapon)
Armour
 b - a +0 scale mail (worn)
 c - a +0 shield (worn)
Scrolls
 e - 4 scrolls of teleportation {unknown}
 g - 3 scrolls of fog {unknown}
 i - 2 scrolls of remove curse {unknown}
Potions
 j - a potion of flight
Comestibles
 f - 3 rations
 h - a chunk of flesh


   Skills:
 + Level 3.3 Fighting
 + Level 2.2 Long Blades
 + Level 3.3 Armour
 + Level 0.7 Dodging
 + Level 3.2 Shields


You had 3 spell levels left.
You didn't know any spells.
Your spell library was empty.

Dungeon Overview and Level Annotations

Branches:
Dungeon (2/15)

Altars:


Innate Abilities, Weirdness & Mutations

A weak demonic guardian rushes to your aid.
Your system is resistant to poisons. (rPois)
Your muscles are strong. (Str +2)


Message History

You feel sick.
The kobold shouts!
The kobold throws a stone.
The stone closely misses you.
You see here a stone.
Okay, then.
You aren't carrying any items that you can evoke.
Unknown command.
You feel very mighty all of a sudden.
The kobold throws a stone.
The stone hits you but does no damage.
* * * LOW HITPOINT WARNING * * *
You feel sick.
The kobold throws a stone.
The stone completely misses you.
The kobold throws a stone.
The stone hits you.
* * * LOW HITPOINT WARNING * * *
You see here a stone.
* * * LOW HITPOINT WARNING * * *
You feel sick.
Found a stone staircase leading down.
* * * LOW HITPOINT WARNING * * *
You feel sick.
You die...

#.......## ##.(###
##.....## ##.#.##
##...## #(...#
##'## ###.## #†#
#.# #.# #.# ####.##
#.# .##...##
#######.# .#..(..##
#.....@>#
............#######
.###.###### .# ###
##


There were no monsters in sight!

Vanquished Creatures
  2 adders (D:2)
  2 oozes (D:1)
  2 dart slugs (D:1)
  A leopard gecko (D:1)
  A giant cockroach (D:1)
  5 goblins
  3 hobgoblins (D:1)
  2 jackals (D:1)
  10 bats
  5 frilled lizards
  4 kobolds
  4 rats (D:1)
41 creatures vanquished.

Notes
Turn   | Place    | Note
-------+----------+-------------------------------------------
     0 | D:1      | Peloso the Demonspawn Fighter began the quest for the Orb.
     0 | D:1      | Reached XP level 1. HP: 18/18 MP: 1/1
   137 | D:1      | Gained mutation: A weak demonic guardian rushes to your
                  | aid. [demonic ancestry]
   137 | D:1      | Reached XP level 2. HP: 21/24 MP: 2/2
   512 | D:1      | Reached XP level 3. HP: 28/29 MP: 3/3
   605 | D:1      | Gained mutation: Your muscles are strong. (Str +2) [potion
                  | of mutation]
   605 | D:1      | Gained mutation: Your system is resistant to poisons.
                  | (rPois) [potion of mutation]
  1032 | D:2      | Reached XP level 4. HP: 8/35 MP: 4/4
  1041 | D:2      | HP: 1/35 [poisoned by an adder]
  1048 | D:2      | Succumbed to an adder's poison

Levels and vault maps discovered:
D:1:      lightli_arrival_isolated_outpost, layout_basic
D:2:      layout_loops_corners, kennysheep_pointless_box, minmay_tromino_v4_c

Skill      XL: |  1  2 |
---------------+-------+-----
Armour         | 3 |  3.3
Shields        | 3 |  3.2
Long Blades    | 2 |  2.2
Fighting       | |  3.3
Dodging        | |  0.7

Action                   |  1- 3 |  4- 6 || total
-------------------------+-------+-------++-------
Melee: Long sword        |   153 |       ||   153
  Use: Potion            |     6 |     1 ||     7
Armor: Scale mail        |   123 |     1 ||   124
Dodge: Dodged            |    58 |     2 ||    60
Block: Shield            |   102 |       ||   102
       Rpst.: Long sword |    19 |       ||    19
